 Dungeon Crawl Stone Soup version 0.30-a0-557-ge2afbf3030 (webtiles) character file.

Game seed: 3447513158227477926

55136 drugrobin the Black Belt (level 14, -3/110 (115) HPs)
             Began as a Demigod Delver on Dec 28, 2022.
             Killed from afar by a tengu reaver (36 damage)
             ... with a bolt of lightning
             ... on level 13 of the Dungeon.
             The game lasted 01:24:30 (27877 turns).

drugrobin the Black Belt (Demigod Delver)          Turns: 27877, Time: 01:24:31

HP:   -3/110 (115)  AC:  8    Str: 17    XL:     14   Next: 4%
MP:   0/20          EV: 12    Int: 20    God:
Gold: 470           SH:  0    Dex: 19    Spells: 3/17 levels left

rFire   + . .      SeeInvis .      - Unarmed
rCold   + + .      Faith    .    (no shield)
rNeg    . . .      Spirit   +    k - +0 troll leather armour
rPois   .          Reflect  .    P - +1 hat
rElec   .          Harm     .    K - scarf {rC+ rF+}
rCorr   .          Rampage  .    t - +0 pair of gloves
Will    +....                    V - +1 pair of boots
Stlth   +++                      X - amulet of guardian spirit
HPRegen 1.18/turn                L - ring of protection from cold
MPRegen 0.17/turn                G - +4 ring of slaying

@: lethally poisoned (-3 -> -4), lightly drained
A: high MP 1, forlorn, divine attributes
a: no special abilities


You were on level 13 of the Dungeon.
You visited 2 branches of the dungeon, and saw 18 of its levels.
You visited 1 bazaar.
You also visited: Sewer, Bailey and Ice Cave.

You collected 1894 gold pieces.
You spent 1424 gold pieces at shops.

Inventory:

Hand Weapons
 b - the +9 sling "Yry Loke" {freeze, rElec rC+ Str+2 Int-4}
   (You found it in an ice cave)

   Any ammunition fired from it freezes those it strikes, dealing additional
   cold damage.
   It can also slow down cold-blooded creatures.
   Str:       It affects your strength (+2).
   Int:       It affects your intelligence (-4).
   rC:        It protects you from cold.
   rElec:     It insulates you from electricity.
Missiles
 l - 3 throwing nets
 p - 16 javelins (quivered)
Armour
 d - the +8 chain mail of Instinct {*Corrode rElec rN+ Str+3}
   (You found it in a bailey)

   Str:       It affects your strength (+3).
   rElec:     It insulates you from electricity.
   rN:        It protects you from negative energy.
   *Corrode:  It may corrode you when you take damage.
 h - an orb of mayhem
 k - a +0 troll leather armour (worn)
 t - a +0 pair of gloves (worn)
 K - a scarf of resistance (worn)
 O - the +4 ring mail of Resonance {rElec rPois Dex+3}
   (You found it on level 11 of the Dungeon)

   Dex:       It affects your dexterity (+3).
   rElec:     It insulates you from electricity.
   rPois:     It protects you from poison.
 P - a +1 hat (worn)
 Q - a +1 chain mail of fire resistance
 V - a +1 pair of boots (worn)
 Z - +1 acid dragon scales
Jewellery
 B - a ring of protection from fire
 C - a ring of willpower
 G - a +4 ring of slaying (right hand)
 L - a ring of protection from cold (left hand)
 X - an amulet of guardian spirit (around neck)
Wands
 a - a wand of polymorph (6)
 f - a wand of digging (9)
 i - a wand of flame (31)
 v - a wand of paralysis (20)
 A - a wand of iceblast (16)
 W - a wand of light (17)
Scrolls
 c - 3 scrolls of magic mapping
 g - 6 scrolls of immolation
 m - 6 scrolls of vulnerability
 n - 3 scrolls of fog
 o - 2 scrolls of silence
 q - 4 scrolls of poison
 r - a scroll of summoning
 u - 10 scrolls of teleportation
 x - 3 scrolls of blinking
 J - 2 scrolls of identify
 U - 2 scrolls of fear
Potions
 e - 13 potions of haste
 j - 11 potions of flight
 s - 2 potions of might
 w - a potion of invisibility
 z - 7 potions of curing
 D - a potion of cancellation
 E - 5 potions of heal wounds
 H - a potion of ambrosia
 I - a potion of resistance
 M - a potion of lignification
Miscellaneous
 F - a tin of tremorstones (1/2)
 N - a phial of floods


   Skills:
 - Level 8.0 Fighting
 - Level 1.7 Dodging
 - Level 4.5 Stealth
 - Level 16.0 Unarmed Combat
 - Level 2.0 Spellcasting
 + Level 11.0 Transmutations
 + Level 11.0 Air Magic


You had 3 spell levels left.
You knew the following spells:

 Your Spells              Type           Power      Damage    Failure   Level
a - Magic Dart            Conj           8%         1d3       19%         1
b - Blink                 Tloc           4%         N/A       28%         2
d - Storm Form            Tmut/Air       23%        N/A       87%         7
e - Petrify               Tmut/Erth      24%        N/A       21%         4

Your spell library contained the following spells:

 Spells                   Type           Power      Damage    Failure   Level
 Swiftness                Air            46%        N/A       1%          3
 Passwall                 Tmut/Erth      20%        N/A       3%          2
 Static Discharge         Conj/Air       48%        2-4/arc   3%          2
 Cigotuvi's Dreadful Rot  Necr/Pois/Air  32%        N/A       6%          2
 Sandblast                Erth           4%         2d4       19%         1
 Ensorcelled Hibernation  Hex/Ice        4%         N/A       28%         2
 Searing Ray              Conj           4%         2d4       28%         2
 Sublimation of Blood     Necr           2%         N/A       28%         2
 Stone Arrow              Conj/Erth      4%         3d7       50%         3
 Irradiate                Conj/Tmut      12%        3d15      50%         5
 Silence                  Hex/Air        12%        N/A       50%         5
 Freezing Cloud           Conj/Ice/Air   8%         6-21      75%         5
 Dragon Form              Tmut           23%        N/A       87%         7
 Cause Fear               Hex            1%         N/A       88%         4
 Dispel Undead            Necr           2%         3d7       88%         4
 Fulminant Prism          Conj/Hex       1%         3d5       88%         4
 Manifold Assault         Tloc           2%         N/A       88%         4
 Passage of Golubria      Tloc           2%         N/A       88%         4
 Summon Forest            Summ/Tloc      1%         N/A       99%         5
 Summon Mana Viper        Hex/Summ       2%         N/A       99%         5
 Death Channel            Necr           1%         N/A       100%        6
 Summon Cactus Giant      Summ           1%         N/A       100%        6
 Lehudib's Crystal Spear  Conj/Erth      1%         10d2      100%        8
 Dragon's Call            Summ           1%         N/A       100%        9


Dungeon Overview and Level Annotations

Branches:
Dungeon (13/15)            Temple (0/1) D:4            Lair (5/5) D:10
  Swamp (0/4) Lair:3       Spider (0/4) Lair:3        Slime (0/5) Lair:5
    Orc (0/2) D:12          Sewer (visited)          Bailey (visited)
  IceCv (visited)
 Vaults: D:13-14

Shops:
D:2 ((*   D:3 [   D:5 :

Portals:
Trove: D:11 (give +4 shadow dragon scales)

Annotations:
D:3 3 runed translucent doors, Jase's ghost, amateur HOFi; benadryl's ghost, amateur TrEE
D:5 exclusion: water moccasin
D:9 3 exclusions
D:11 3 runed translucent doors, Iich's ghost, journeyman MiFi
Lair:3 exclusion: 2 oklob plants


Innate Abilities, Weirdness & Mutations

You have an increased reservoir of magic. (+10% MP)
You shall have no god before yourself.
Your divine heritage dramatically boosts your attributes as you level up.


Message History

Unknown command.
Okay, then.
Okay, then.
Unknown command.
Okay, then.
Throw: 2 darts (curare)
Press: ? - help, Shift-Dir - straight line, f/p - tengu reaver
Aim: a tengu reaver, wielding a +0 battleaxe and wearing a +0 ring mail (52% to hit)
You throw a curare-tipped dart.
The curare-tipped dart barely misses the tengu reaver.
You feel very sick.
Unknown command.
Throw: dart (curare)
Press: ? - help, Shift-Dir - straight line, f/p - tengu reaver
Aim: a tengu reaver, wielding a +0 battleaxe and wearing a +0 ring mail (52% to hit)
You throw a curare-tipped dart.
The curare-tipped dart barely misses the tengu reaver.
You feel sick.
The tengu reaver hits you with a +0 battleaxe.
The tengu reaver pecks you but does no damage.
The tengu reaver claws you but does no damage.
Unknown command.
Throw: 5 throwing nets
Press: ? - help, Shift-Dir - straight line, f/p - tengu reaver
Aim: a tengu reaver, wielding a +0 battleaxe and wearing a +0 ring mail (52% to hit)
You throw a throwing net.
The throwing net completely misses the tengu reaver.
You feel sick. The tengu reaver barely misses you. The tengu reaver pecks you!
The tengu reaver claws you.
* * * LOW HITPOINT WARNING * * *
Unknown command.
Throw: 4 throwing nets
Press: ? - help, Shift-Dir - straight line, f/p - tengu reaver
Aim: a tengu reaver, wielding a +0 battleaxe and wearing a +0 ring mail (52% to hit)
You throw a throwing net. The throwing net hits the tengu reaver.
The tengu reaver is caught in the net!
You feel sick.
The tengu reaver gestures at you while chanting.
The bolt of lightning hits you!!!
You die...

#........#.##..........'
#........#..#..<.......#
#........##.'..........#
##'##########......)...#
#.### ########'### #...#
###.# ###'####### #...#
#........# ###'###
#....@...#####....####
#.....Q.##.Q.##...'..#
#.......#.###.#...##..
#.......'.#[+.#...####
#.......#.###.#####
####+#####(..#### #.#
*####..# #.# *#.# #.#
#.#


You could see a tengu reaver (caught).

Vanquished Creatures
  An azure jelly (IceCv)
  A quicksilver ooze (IceCv)
  Snorg (D:10)
  Josephine (Lair:3)
  Harold (Lair:2)
  2 hydras (Lair:5)
  2 catoblepae (Lair:5)
  A centaur warrior (D:13)
  3 boulder beetles
  6 two-headed ogres
  6 death yaks
  Nergalle (Lair:1)
  Urug (Lair:1)
  3 bog bodies (Lair:3)
  A lindwurm (Lair:5)
  An orc knight (Bailey)
  A manticore (D:13)
  An ugly thing (D:12)
  3 oklob plants
  7 elephants (Lair:5)
  2 ice statues (IceCv)
  A black mamba (Lair:4)
  Joseph (Lair:1)
  Maggie (D:10)
  Psyche (D:8)
  8 cane toads
  A gargoyle (D:12)
  3 rime drakes
  6 komodo dragons
  A meliai (D:4)
  2 trolls
  19 slime creatures (IceCv)
  2 polar bears (Lair:5)
  21 dream sheep
  A shadow (D:10)
  A vampire (D:13)
  3 wraiths (Lair:3)
  35 yaks
  5 wyverns
  4 basilisks
  Eustachio (D:5)
  7 vampire mosquitoes
  A steam dragon (Lair:2)
  3 wargs (D:12)
  3 acid dragons
  2 swamp worms (Lair:3)
  8 orc warriors
  12 water moccasins
  2 ice beasts
  2 black bears
  4 great orb of eyes simulacra (IceCv)
  10 wolves
  8 centaurs
  4 slime creature simulacra (IceCv)
  A phantom (D:6)
  2 kobold brigands
  6 bullfrogs
  4 glowing shapeshifter simulacra (IceCv)
  A necrophage (D:5)
  A gnoll sergeant (D:10)
  3 scorpions
  3 wights (D:6)
  Dowan (D:4)
  11 killer bees (D:8)
  5 howler monkeys
  2 electric eels
  7 orc priests
  2 gnoll boudas (D:6)
  2 hounds (D:5)
  4 jellies
  10 orc wizards
  Ijyb (D:5)
  An iguana (D:5)
  3 shapeshifter simulacra (IceCv)
  6 hell rats (Lair:1)
  18 gnolls
  5 river rats (Sewer)
  15 adders
  3 shadow imps
  A white imp (D:7)
  7 worms
  3 dart slugs
  34 orcs
  15 ball pythons
  19 endoplasms
  7 giant cockroaches
  8 goblins
  12 hobgoblins
  6 jackals
  4 quokkas
  13 bats
  3 frilled lizards
  45 kobolds
  26 rats
549 creatures vanquished.

Vanquished Creatures (others)
  A great orb of eyes simulacrum (IceCv)
  A kobold (D:8)
  22 fungi
  24 plants
  12 toadstools (D:2)
60 creatures vanquished.

Grand Total: 609 creatures vanquished

Notes
Turn   | Place    | Note
-------+----------+-------------------------------------------
     0 | D:5      | drugrobin the Demigod Delver began the quest for the Orb.
     0 | D:5      | Reached XP level 1. HP: 18/18 MP: 3/3
    65 | D:5      | Reached skill level 2 in Unarmed Combat
   161 | D:5      | Noticed a water moccasin
   301 | D:5      | Noticed an iguana
   509 | D:2      | Reached XP level 2. HP: 14/25 MP: 4/4
   771 | D:1      | Reached skill level 3 in Unarmed Combat
  1191 | D:2      | Found Awni's Weapon Boutique.
  1191 | D:2      | Found Liqyotil's Assorted Antiques.
  1200 | D:2      | Reached XP level 3. HP: 30/30 MP: 5/5
  1229 | D:2      | Bought 6 curare-tipped darts for 46 gold pieces
  1239 | D:2      | Bought a scroll labelled FEIKOAMOSK for 25 gold pieces
  1239 | D:2      | Bought a fizzy pink potion for 22 gold pieces
  1239 | D:2      | Bought an emerald potion for 22 gold pieces
  1239 | D:2      | Bought a scroll labelled QOLEYLE KUKIWA for 25 gold pieces
  1345 | D:2      | Learned a level 1 spell: Magic Dart
  1645 | D:2      | Reached skill level 4 in Unarmed Combat
  1662 | D:2      | Reached XP level 4. HP: 27/37 MP: 2/6
  1889 | D:2      | Found Beq Rurph's Weapon Shoppe.
  2250 | D:3      | Found Yppiho's Antique Armour Emporium.
  2255 | D:3      | Found a runed translucent gate.
  2255 | D:3      | Found a runed translucent gate.
  2255 | D:3      | Found a runed translucent gate.
  2591 | D:3      | Reached skill level 5 in Unarmed Combat
  2591 | D:3      | Reached XP level 5. HP: 23/42 MP: 7/7
  3235 | D:3      | Noticed Jase's ghost (amateur HOFi)
  3235 | D:3      | Noticed benadryl's ghost (amateur TrEE)
  3246 | D:3      | Bought a dyed leather armour for 135 gold pieces
  3638 | D:4      | Reached skill level 6 in Unarmed Combat
  3638 | D:4      | Reached XP level 6. HP: 34/50 MP: 6/8
  3656 | D:4      | Noticed Dowan
  3657 | D:4      | Noticed Duvessa
  4006 | D:4      | Killed Dowan
  4088 | D:4      | Duvessa changed into Duvessa the meliai
  4088 | D:4      | Noticed Duvessa
  4094 | D:4      | Killed Duvessa the meliai
  4095 | D:4      | Reached skill level 7 in Unarmed Combat
  4118 | D:4      | Learned a level 2 spell: Blink
  4144 | D:4      | Found a staircase to the Ecumenical Temple.
  4204 | D:4      | Reached XP level 7. HP: 56/56 MP: 9/9
  4208 | D:4      | Learned a level 2 spell: Searing Ray
  4936 | D:5      | Found Qatudgh's Self-Improvement Boutique.
  5009 | D:5      | Identified the +10 spear "Qicsu" {pain, MP+9}
  5042 | D:5      | Noticed Ijyb
  5052 | D:5      | Killed Ijyb
  5053 | D:5      | Reached skill level 8 in Unarmed Combat
  5115 | D:5      | Noticed Eustachio
  5125 | D:5      | Killed Eustachio
  5470 | D:6      | Reached skill level 9 in Unarmed Combat
  5536 | D:6      | Reached XP level 8. HP: 49/62 MP: 6/10
  5546 | D:6      | Noticed a two-headed ogre
  5788 | D:6      | Found a glowing drain.
  5794 | Sewer    | Entered a sewer
  6100 | Sewer    | Reached skill level 10 in Unarmed Combat
  6609 | D:6      | Killed a two-headed ogre
  6610 | D:6      | Reached skill level 11 in Unarmed Combat
  6881 | D:6      | Identified the +1 buckler of Happy Babbling {Harm}
  7004 | D:6      | Reached XP level 9. HP: 64/65 MP: 11/11
  7574 | D:6      | Reached skill level 12 in Unarmed Combat
  7982 | D:3      | Bought a pair of glowing boots for 202 gold pieces
  8925 | D:8      | Noticed Psyche
  8955 | D:8      | Killed Psyche
  8956 | D:8      | Reached skill level 13 in Unarmed Combat
  9777 | D:9      | Found a flagged portal.
  9796 | Bailey   | Entered a bailey
  9915 | Bailey   | Noticed an orc knight
 10012 | Bailey   | Identified the +8 chain mail of Instinct {*Corrode rElec
                  | rN+ Str+3}
 10086 | Bailey   | Killed an orc knight
 10087 | Bailey   | Reached XP level 10. HP: 74/74 MP: 13/13
 10109 | Bailey   | Reached skill level 14 in Unarmed Combat
 10129 | Bailey   | Paralysed by a gnoll for 5 turns
 10281 | D:9      | Noticed a two-headed ogre
 10310 | D:8      | Noticed a two-headed ogre
 10327 | D:7      | HP: 1/74 [two-headed ogre/+0 giant club (22)]
 10619 | D:8      | Killed a two-headed ogre
 10757 | D:7      | Killed a two-headed ogre
 11169 | D:9      | Reached skill level 15 in Unarmed Combat
 11290 | D:9      | Noticed a two-headed ogre
 11487 | D:10     | Entered Level 10 of the Dungeon
 11502 | D:10     | Identified the +7 falchion "Cehun" {elec, rF+ rN+ Int+7}
 11779 | D:10     | Found a staircase to the Lair.
 11910 | D:10     | Noticed Maggie
 11928 | D:10     | Killed Maggie
 12115 | D:10     | Noticed Snorg
 12130 | D:10     | Reached skill level 1 in Spellcasting
 12140 | D:10     | Killed Snorg
 12141 | D:10     | Reached XP level 11. HP: 56/82 MP: 2/16
 12477 | Lair:1   | Entered Level 1 of the Lair of Beasts
 12488 | Lair:1   | Noticed Urug
 12525 | Lair:1   | Killed Urug
 12620 | Lair:1   | Reached skill level 16 in Unarmed Combat
 12626 | Lair:1   | Noticed Nergalle
 12855 | Lair:1   | Killed Nergalle
 12856 | Lair:1   | Reached skill level 5 in Fighting
 13218 | Lair:1   | Learned a level 7 spell: Storm Form
 13242 | Lair:1   | Noticed Joseph
 13256 | Lair:1   | Killed Joseph
 13315 | Lair:1   | Reached skill level 1 in Transmutations
 13315 | Lair:1   | Reached skill level 1 in Air Magic
 14718 | Lair:2   | Noticed Harold
 14734 | Lair:2   | Killed Harold
 15884 | Lair:3   | Found a hole to the Spider Nest.
 15962 | Lair:3   | Reached XP level 12. HP: 39/100 MP: 7/18
 16199 | Lair:3   | Got Sif Muna's Disquisition on Clouds
 16433 | Lair:3   | Noticed Josephine
 16442 | Lair:3   | Killed Josephine
 16697 | Lair:3   | Reached skill level 5 in Air Magic
 16732 | Lair:3   | Reached skill level 5 in Transmutations
 17148 | Lair:3   | Found a staircase to the Swamp.
 17163 | Lair:3   | HP: 3/101 [bog body/bolt of cold (27)]
 18822 | Lair:5   | Entered Level 5 of the Lair of Beasts
 19146 | Lair:5   | Noticed an eight-headed hydra
 19176 | Lair:5   | Killed an eight-headed hydra
 19605 | Lair:5   | Noticed a catoblepas
 19731 | Lair:5   | Killed a catoblepas
 20153 | Lair:5   | Noticed a seven-headed hydra
 20191 | Lair:5   | Killed a seven-headed hydra
 20327 | Lair:5   | Found a staircase to the Slime Pits.
 20544 | Lair:5   | Reached XP level 13. HP: 103/107 MP: 19/19
 20561 | Lair:5   | Learned a level 4 spell: Petrify
 21591 | Lair:5   | Noticed a dire elephant
 21793 | D:11     | Identified the +4 ring mail of Resonance {rElec rPois
                  | Dex+3}
 21835 | D:11     | Found a flickering gateway to a bazaar.
 21844 | Bazaar   | Entered a bazaar
 21844 | Bazaar   | Found Roeczoip's Magic Scroll Boutique.
 21855 | Bazaar   | Found Ikhliruor's Antique Weapon Emporium.
 21866 | Bazaar   | Found Kiozup's Antique Armour Shop.
 21874 | Bazaar   | Found Demnut's Jewellery Shop.
 21885 | Bazaar   | Found Aqopn's General Store.
 21893 | Bazaar   | Bought a scroll of acquirement for 728 gold pieces
 21909 | Bazaar   | Bought a potion of curing for 42 gold pieces
 21909 | Bazaar   | Bought a potion of curing for 42 gold pieces
 21939 | Bazaar   | Acquired a book of the Dragon
 21947 | Bazaar   | Bought a scroll of identify for 30 gold pieces
 21947 | Bazaar   | Bought a scroll of identify for 30 gold pieces
 21947 | Bazaar   | Bought a scroll of identify for 30 gold pieces
 21947 | Bazaar   | Bought a scroll of teleportation for 45 gold pieces
 22868 | D:11     | Found a runed translucent gate.
 22872 | D:11     | Found a runed translucent gate.
 22872 | D:11     | Found a runed translucent gate.
 22881 | D:11     | Noticed Iich's ghost (journeyman MiFi)
 23180 | D:11     | Found a portal to a secret trove of treasure.
 23772 | D:12     | Reached skill level 10 in Air Magic
 23775 | D:12     | Reached skill level 10 in Transmutations
 23918 | D:12     | Found a staircase to the Orcish Mines.
 24588 | D:13     | Found a frozen archway.
 24616 | IceCv    | Entered an ice cave
 26821 | IceCv    | Noticed an azure jelly
 26863 | IceCv    | Killed an azure jelly
 26866 | IceCv    | Noticed a quicksilver ooze
 26985 | IceCv    | Killed a quicksilver ooze
 27084 | IceCv    | Got the +9 sling "Yry Loke" {freeze, rElec rC+ Str+2 Int-4}
 27085 | IceCv    | Identified the +0 ring mail "Gysuacol" {rElec rF- Int+7}
 27185 | D:13     | Reached XP level 14. HP: 91/115 MP: 13/20
 27866 | D:13     | Noticed a tengu reaver
 27877 | D:13     | Killed from afar by a tengu reaver

Illustrated notes

Levels and vault maps discovered:
D:1:      lightli_molten_gateway, layout_rooms
D:2:      cheibrodos_fertilizer, layout_rooms, serial_shops, shop, shop, shop
D:3:      layout_basic, mainiacjoe_overflow_six_doors_small, serial_shops,
          nicolae_shop_trees, gammafunk_ghost_cemetery, minmay_joined_circles
D:4:      layout_basic, temple_green, kennysheep_boxes, uniq_duvessa
D:5:      layout_loops_ring, nicolae_shop_self_help, uniq_ijyb, uniq_eustachio
D:6:      layout_rooms, gup_sewer_entry_bubbles, hex_large, hex_tiny,
          kennysheep_generic_room_2
D:7:      layout_rooms
D:8:      layout_loops_corners, nicolae_qazlal_eye_of_the_storm, uniq_psyche
D:9:      kennysheep_windowed_halls, layout_rooms, enter_bailey_6,
          roderic_batcave, nrook_campfire
D:10:     layout_roguey, david_lair_generic, uniq_maggie, uniq_snorg
D:11:     layout_loops_corners, serial_rivers, chequers_serial_rivers_small_a,
          chequers_serial_rivers_micro_d, chequers_serial_rivers_small_3,
          chequers_serial_rivers_micro_a, chequers_serial_rivers_micro_d,
          serial_shops, bzr_entry_lakeside, gammafunk_ghost_ooze,
          nicolae_trove_entry_crystal, okawaru_altar_gauntlet_db
D:12:     layout_long_grid, minmay_orc_entry_guard_dogs
D:13:     layout_roguey, portal_ice_cave_entry_pillars_1,
          kennysheep_just_a_vault
Lair:1:   layout_chaotic_city, minmay_lair_oklob_items, serial_bayou_pond_d,
          serial_bayou_shore_a, serial_bayou_shore_b, uniq_nergalle, uniq_urug,
          uniq_joseph
Lair:2:   layout_hall_layers, lemuel_oklob_altar, infiniplex_staircase_pool_2,
          uniq_harold
Lair:3:   layout_hall_layers, nicolae_swamp_entry_splash_gauntlet,
          nicolae_spider_entry_non_spiders, hangedman_tree_tricks,
          uniq_josephine
Lair:4:   layout_cellular_growth
Lair:5:   grunt_lair_end_beastmaster, layout_regular_city,
          minmay_slime_entry_oklob_enclosed

Skill      XL: |  1  2  3  4  5  6  7  8  9 10 11 12 13 14 |
---------------+-------------------------------------------+-----
Unarmed Combat | 2 3 4 5 6 7 9 11 13 15 16 | 16.0
Fighting       | 3 7 8 |  8.0
Spellcasting   | 1 2 |  2.0
Transmutations | 4 7 10 11 | 11.0
Air Magic      | 4 7 10 11 | 11.0
Dodging        | |  1.7
Stealth        | |  4.5

Action                   |  1- 3 |  4- 6 |  7- 9 | 10-12 | 13-15 || total
-------------------------+-------+-------+-------+-------+-------++-------
Melee: Unarmed           |   141 |   168 |   358 |   644 |   546 ||  1857
       Punch             |     4 |     4 |    23 |    91 |    87 ||   209
       Trident           |       |     2 |    41 |       |       ||    43
 Fire: Sling             |       |       |       |       |     5 ||     5
Throw: Javelin           |     1 |     7 |     5 |    19 |    15 ||    47
       Dart              |       |     4 |    15 |    17 |     2 ||    38
       Boomerang         |       |       |    30 |     2 |       ||    32
       Throwing net      |       |       |       |       |     4 ||     4
 Cast: Magic Dart        |    12 |    21 |     7 |    28 |       ||    68
       Searing Ray       |       |       |     6 |    16 |     2 ||    24
       Blink             |       |       |       |     1 |     3 ||     4
       Petrify           |       |       |       |       |    33 ||    33
Evoke: Wand              |       |     1 |     3 |       |    11 ||    15
       Tin of tremorston |       |       |       |     1 |     1 ||     2
  Use: Scroll            |     2 |     1 |     1 |    18 |    10 ||    32
       Potion            |     1 |     3 |       |       |     1 ||     5
 Stab: Sleeping          |     1 |       |     4 |     3 |     1 ||     9
       Petrified         |       |       |       |       |     7 ||     7
       Petrifying        |       |       |       |       |     7 ||     7
Armor: Plate armour      |   102 |    56 |       |       |       ||   158
       Leather armour    |     9 |     8 |    54 |       |       ||    71
       Chain mail        |    10 |       |    70 |   121 |     7 ||   208
       Troll leather arm |       |       |       |    91 |    91 ||   182
       Ring mail         |       |       |       |     1 |    42 ||    43
Dodge: Dodged            |    53 |    57 |   174 |   249 |   192 ||   725

Table legend: (Time is in decaauts)
 A = Elapsed time spent in this place.
 B = Non-inter-level travel time spent in this place.
 C = Inter-level travel time spent in this place.
 D = Time resting spent in this place.
 E = Time spent auto-exploring this place.
 F = Levels seen in this place.
 G = Mean time per level.
                   A        B        C        D        E       F      G
               +--------+--------+--------+--------+--------+-----+--------+
         Total |  27541 |  26516 |   1025 |   3696 |  15917 |  22 | 1251.9 |
       Dungeon |  14581 |  13916 |    665 |    921 |   9327 |  13 | 1121.6 |
          Lair |   9146 |   8787 |    359 |   1329 |   5440 |   5 | 1829.2 |
        Bazaar |    114 |    114 |      0 |      0 |     34 |   1 |  114.0 |
         Sewer |    769 |    769 |      0 |     64 |    411 |   1 |  769.0 |
        Bailey |    458 |    458 |      0 |     34 |    194 |   1 |  458.0 |
      Ice Cave |   2471 |   2471 |      0 |   1348 |    510 |   1 | 2471.0 |
               +--------+--------+--------+--------+--------+-----+--------+

Top non-repeatable levels by time:
   IceCv: 2471 daAuts
  Lair:5: 2426 daAuts
     D:8: 1783 daAuts
  Lair:1: 1751 daAuts
  Lair:4: 1706 daAuts
  Lair:2: 1648 daAuts
  Lair:3: 1613 daAuts
     D:4: 1400 daAuts
    D:11: 1385 daAuts
     D:3: 1261 daAuts
    D:12: 1220 daAuts
     D:5: 1205 daAuts
     D:2: 1199 daAuts
     D:7: 1051 daAuts
    D:10: 990 daAuts
